 Dungeon Crawl Stone Soup version 0.19-a0-1697-g0595f0e (webtiles) character file.

200 GrosslyIncandescent the Insei (level 5, 0/41 HPs)
             Began as a Mummy Monk on Sept 26, 2016.
             Slain by an iguana (14 damage)
             ... on level 3 of the Dungeon.
             The game lasted 00:04:57 (4484 turns).

GrosslyIncandescent the Insei (Mummy Monk)          Turns: 4484, Time: 00:04:57

Health: 0/41       AC:  2    Str: 18    XL:     5   Next: 49%
Magic:  5/5        EV: 13    Int: 10    God:
Gold:   91         SH:  0    Dex: 15    Spells: 0 memorised, 4 levels left

rFire  x . .     SeeInvis .       - Unarmed
rCold  + + .     Gourm    .     (no armour)
rNeg   + + +     Faith    .     (no shield)
rPois  ∞         Spirit   .     (no helmet)
rElec  .         Dismiss  .     (no cloak)
rCorr  .         Reflect  .     g - +0 pair of gloves
MR     .....     Harm     .     (no boots)
Stlth  ++........               (no amulet)
                                a - +4 ring of strength
                                d - ring of protection from cold (curse)

@: no status effects
A: no food or potions, fire vulnerability, cold resistance 1, negative energy
resistance 3, torment resistance, unbreathing
a: no special abilities


You were on level 3 of the Dungeon.
You were not hungry.

You visited 1 branch of the dungeon, and saw 4 of its levels.

You collected 91 gold pieces.


Innate Abilities, Weirdness & Mutations

You do not eat or drink.
Your flesh is vulnerable to fire.
You are immune to poison.
Your flesh is cold resistant. (rC+)
You are immune to negative energy. (rN+++)
You are immune to unholy pain and torment.
You can survive without breathing.


   Skills:
 - Level 3.0 Fighting
 + Level 2.5 Dodging
 - Level 1.5 Stealth
 - Level 5.1 Unarmed Combat


You had 4 spell levels left.
You didn't know any spells.

Inventory:

Armour
 g - a +0 pair of gloves (worn)
Jewellery
 a - a +4 ring of strength (right hand)
 d - a cursed ring of protection from cold (left hand)
 i - an uncursed ring of resist corrosion
Scrolls
 b - 3 scrolls of recharging {unknown}
 c - 2 scrolls of random uselessness {unknown}
 e - 3 scrolls of identify {unknown}
 f - a scroll of enchant armour {unknown}
 h - a scroll of noise {unknown}
 j - 2 scrolls of remove curse {unknown}
 k - a scroll of magic mapping {unknown}
 l - a scroll of fear {unknown}

Dungeon Overview and Level Annotations

Branches:
Dungeon (4/15)
 Temple: D:4-7

Altars:
Gozag
Ru

Annotations:
D:3 kae's ghost, amateur FoFi

..▒▒▒▒▒▒▒▒▒▒▒▒.▒▒.........▒.▒
..▒▒ ▒.▒▒.........▒.▒▒▒ ...▒
▒..▒▒▒▒▒▒▒▒▒▒▒...▒▒▒ ▒▒.▒▒ ▒▒.▒▒
▒▒▒.▒.. ▒▒..▒▒▒▒▒▒▒ ▒..▒ ▒.▒..
........(.▒ ▒▒.▒ ▒.▒..
▒........!▒ ▒.▒▒▒▒▒ ▒▒▒....
▒▒.......!▒▒▒▒▒▒.....▒▒▒▒▒▒......
▒▒..▒.▒▒▒▒▒▒...lM<......▒▒..▒▒...
▒▒▒...▒ ▒...▒▒▒▒.......▒▒.▒▒▒...
▒...▒▒ ▒(▒▒▒ ▒▒...%.....▒ ▒.▒.
▒▒▒▒...▒▒▒.▒ ▒......▒▒▒▒ ▒.▒.
...........▒▒ ▒......▒ ▒.▒.
...........[▒▒▒▒ ▒.>....▒ ▒.▒.
.▒▒▒.▒▒▒▒▒.(...▒▒▒......▒ ▒.▒.
.▒▒▒.▒ ▒▒▒............▒ ▒▒▒▒...
..▒▒.▒▒▒▒ ▒▒▒..(...▒▒▒▒▒▒▒......


You could see an iguana.


Message History

The iguana hisses angrily!
Found a scroll labeled HENKOSHAYMO!
The iguana bites you!!!
You closely miss the iguana! The iguana bites you!
You squash the iguana but do no damage!
You pulverise the iguana but do no damage!
The iguana bites you!!!
You are too injured to fight recklessly!!!
You pulverise the iguana but do no damage!
The iguana completely misses you!
You pummel the iguana like a punching bag!
The iguana is lightly wounded!
The iguana completely misses you!
You completely miss the iguana!
The iguana is lightly wounded!
The iguana closely misses you!
You barely miss the iguana!
The iguana is lightly wounded!
The iguana bites you!!! * * * don't die
* * *
There is a stone staircase leading up here!
The iguana bites you! * * * don't die
* * * You climb upwards!
Level annotation: kae's ghost, amateur FoFi
There is a stone staircase leading down here!
You see here a ring mail!
You see here 15 poisoned needles!
You beat the iguana but do no damage!
The iguana bites you!!! rip

Action                   |  1- 3 |  4- 6 || total
-------------------------+-------+-------++-------
Melee: Unarmed           |   119 |   134 ||   253
       Punch             |       |     4 ||     4
 Stab: Sleeping          |     2 |     5 ||     7
Armor: Skin              |    14 |    14 ||    28
Dodge: Dodged            |    74 |    78 ||   152

Vault maps used:
D:1:      dpeg_arrival_ternary, minmay_ruptured
D:2:      grunt_gozag_statues, uniq_natasha
D:3:      first_bread, nicolae_ru_the_path_less_chosen

Notes
Turn   | Place    | Note
-------+----------+-------------------------------------------
     0 | D:1      | GrosslyIncandescent the Mummy Monk began the quest for the Orb.
     0 | D:1      | Reached XP level 1. HP: 18/18 MP: 1/1
   358 | D:1      | Reached XP level 2. HP: 5/24 MP: 2/2
   617 | D:1      | Reached skill level 3 in Unarmed Combat
  1467 | D:2      | Noticed Natasha
  1476 | D:2      | Noticed a crimson imp
  1477 | D:2      | Killed Natasha
  1477 | D:2      | Reached XP level 3. HP: 14/29 MP: 3/3
  1712 | D:2      | Noticed Natasha
  1969 | D:2      | Killed Natasha
  1969 | D:2      | Reached skill level 4 in Unarmed Combat
  1969 | D:2      | Reached XP level 4. HP: 25/35 MP: 4/4
  2290 | D:2      | Noticed Natasha
  2300 | D:2      | Killed Natasha
  2565 | D:2      | Found an opulent altar of Gozag.
  3073 | D:3      | Noticed kae's ghost (amateur FoFi)
  3420 | D:2      | Reached XP level 5. HP: 32/41 MP: 5/5
  3921 | D:3      | Reached skill level 5 in Unarmed Combat
  4179 | D:3      | Found a sacrificial altar of Ru.
  4484 | D:3      | Slain by an iguana

Vanquished Creatures
  A jelly (D:3)
  Natasha (thrice) (D:2)
  An adder (D:2)
  3 gnolls (D:2)
  3 dart slugs
  A leopard gecko (D:2)
  A ball python (D:1)
  3 giant cockroaches
  11 goblins
  7 hobgoblins
  A jackal (D:1)
  A quokka (D:2)
  5 bats
  3 frilled lizards
  5 kobolds
  5 rats
54 creatures vanquished.
